 Dungeon Crawl Stone Soup version 0.27-a0-1200-g94dc6ad4cf (webtiles) character file.

Game seed: 11361327741328307952

1224 Kinoniko the Carver (level 8, -6/58 HPs)
             Began as a Demonspawn Berserker on June 1, 2021.
             Was a Priest of Trog.
             Succumbed to a kobold demonologist's poison
             ... on level 6 of the Dungeon.
             The game lasted 00:05:05 (4534 turns).

Kinoniko the Carver (Demonspawn Berserker)          Turns: 4534, Time: 00:05:06

Health: -6/58      AC: 22    Str: 20    XL:     8   Next: 23%
Magic:  8/8        EV:  6    Int: 10    God:    Trog [***...]
Gold:   213        SH:  6    Dex: 13    Spells: 7/7 levels left

rFire    . . .     SeeInvis .   r - +0 long sword
rCold    . . .     Faith    .   n - +1 buckler
rNeg     . . .     Spirit   .   c - +10 plate armour {ponderous}
rPois    .         Reflect  .   o - +0 hat "Ticoiweh" {Int+2}
rElec    .         Harm     .   (no cloak)
rCorr    .         Rampage  .   (no gloves)
Will     .....                  (no boots)
Stlth    ..........             (no amulet)
HPRegen  0.19/turn              (no ring)
MPRegen  0.11/turn              (no ring)

@: mighty, brilliant, lethally poisoned (-6 -> -35), on berserk cooldown,
slowed, studying Long Blades, very slow
A: claws 1, molten scales 1, demonic guardian 1, spiny 1
a: Renounce Religion, Berserk, Trog's Hand


You were on level 6 of the Dungeon.
You worshipped Trog.
Trog was most pleased with you.
You visited 1 branch of the dungeon, and saw 6 of its levels.

You collected 213 gold pieces.

Inventory:

Hand Weapons
 a - a +0 short sword
 r - a +0 long sword (weapon)
Missiles
 l - 11 curare-tipped darts
 m - a throwing net
Armour
 b - a +0 animal skin
 c - a +10 plate armour of ponderousness (worn)
 n - a +1 buckler (worn)
 o - the +0 hat "Ticoiweh" (worn) {Int+2}
   (You found it on level 5 of the Dungeon)

   It affects your intelligence (+2).
Jewellery
 g - a ring of ice
 s - a +4 ring of protection
Wands
 h - a wand of paralysis (8)
 i - a wand of flame (19)
Scrolls
 d - a scroll of teleportation
Potions
 e - 5 potions of curing
 f - a potion of degeneration {unknown}
 j - a potion of heal wounds {unknown}
 k - 2 potions of might


   Skills:
 - Level 3.0 Fighting
 - Level 6.4(8.2) Short Blades
 * Level 8.0(9.0) Long Blades
 - Level 1.7 Armour
 - Level 1.7 Dodging
 + Level 3.7 Shields


You had 7 spell levels left.
You didn't know any spells.
Your spell library contained the following spells:

 Spells                   Type           Power      Damage    Failure   Level
 Corona                   Hex            0%         N/A       100%        1
 Magic Dart               Conj           0%         1d3       100%        1
 Ensorcelled Hibernation  Hex/Ice        0%         N/A       100%        2
 Searing Ray              Conj           0%         3d3       100%        2
 Confusing Touch          Hex            0%         N/A       100%        3
 Dazzling Flash           Conj/Hex       0%         N/A       100%        3
 Gell's Gravitas          Tloc           0%         N/A       100%        3
 Tukima's Dance           Hex            0%         N/A       100%        3
 Fulminant Prism          Conj/Hex       0%         3d6       100%        4
 Iskenderun's Mystic Bla  Conj/Tloc      0%         2d3       100%        4
 Petrify                  Tmut/Erth      0%         N/A       100%        4
 Metabolic Englaciation   Hex/Ice        0%         N/A       100%        5
 Yara's Violent Unravell  Hex/Tmut       0%         3d3       100%        5


Dungeon Overview and Level Annotations

Branches:
Dungeon (6/15)             Temple (0/1) D:4

Altars:
Gozag
Makhleb
Nemelex Xobeh


Innate Abilities, Weirdness & Mutations

You have sharp fingernails.
You are partially covered in molten scales. (AC +2)
A weak demonic guardian rushes to your aid.
You are partially covered in sharp spines.


Message History

A demonic guardian appears!
You hear some strange, mumbled words.
Something tries to affect you, but you resist.
You block the kobold demonologist's attack.
The water moccasin skeleton is struck by your spines.
You destroy the water moccasin skeleton!
Trog accepts your kill. Something hits you but does no damage.
Your base Long Blades skill increases to level 8!
You slash the kobold demonologist!
The kobold demonologist is almost dead.
You feel very sick.
The kobold demonologist barely misses you.
Something hits you but does no damage.
The kobold demonologist hits you but does no damage.
You are lethally poisoned!
You completely miss the kobold demonologist.
The kobold demonologist is almost dead.
* * * LOW HITPOINT WARNING * * *
You feel very sick. Something hits you.
* * * LOW HITPOINT WARNING * * *
A demonic guardian appears!
The kobold demonologist miscasts a cantrip.
You closely miss the kobold demonologist.
The kobold demonologist is severely wounded.
* * * LOW HITPOINT WARNING * * *
You feel very sick. Something hits you but does no damage.
The kobold demonologist hits you but does no damage.
You are more poisoned.
Something hits you but does no damage.
Your iron imp closely misses the kobold demonologist.
The kobold demonologist hits you with a +0 dagger of venom.
* * * LOW HITPOINT WARNING * * *
You are more poisoned.
Unknown command.
It was a potion of brilliance.
You feel clever all of a sudden.
You die...

.. ########## #.# ....
...###..######.... ^..
.................
###.###.#..............
#.....#................
...#.8)8K#5..............
......85{@............#
...#.8.8)#............#
#.....#.....†......####
###.#####.###...<......
⌠... #.....#....######
#.....#..)..#..###
....⌠.....[.....#
.#.....#..)..#..#
⌠...⌠#.....#..#


You could see a kobold demonologist (ally target), a friendly iron imp
(summoned) and a friendly ufetubus (summoned).

Vanquished Creatures
  Grinder (D:4)
  A water moccasin (D:5)
  2 ogres
  A phantom (D:5)
  A bullfrog (D:6)
  3 scorpions
  A jelly (D:4)
  A wyvern skeleton (D:5)
  A water moccasin skeleton (D:6)
  A bullfrog zombie (D:5)
  A hound (D:5)
  2 bullfrog skeletons
  An orc wizard (D:6)
  5 adders
  A white imp (D:5)
  An adder skeleton (D:5)
  3 dart slugs
  7 orcs
  3 bats
  6 endoplasms
  A giant cockroach (D:3)
  8 goblins
  5 hobgoblins
  6 jackals
  A quokka (D:1)
  7 ball pythons
  4 frilled lizards
  8 kobolds
  5 rats
88 creatures vanquished.

Notes
Turn   | Place    | Note
-------+----------+-------------------------------------------
     0 | D:1      | Kinoniko the Demonspawn Berserker began the quest for the
                  | Orb.
     0 | D:1      | Reached XP level 1. HP: 18/18 MP: 1/1
   383 | D:1      | Gained mutation: A weak demonic guardian rushes to your
                  | aid. [demonic ancestry]
   383 | D:1      | Reached XP level 2. HP: 20/24 MP: 2/2
   858 | D:1      | Found a faded altar of an unknown god.
  1185 | D:1      | Reached ** piety under Trog
  1390 | D:2      | Gained mutation: You are partially covered in molten
                  | scales. (AC +2) [demonic ancestry]
  1390 | D:2      | Reached XP level 3. HP: 29/29 MP: 3/3
  2085 | D:3      | Reached XP level 4. HP: 35/35 MP: 4/4
  2448 | D:3      | You fall into a shaft and drop 1 floor!
  2449 | D:4      | Noticed Grinder
  2454 | D:4      | Reached skill level 5 in Short Blades
  2460 | D:4      | Killed Grinder
  2461 | D:4      | Gained mutation: You have sharp fingernails. [demonic
                  | ancestry]
  2461 | D:4      | Reached XP level 5. HP: 41/41 MP: 5/5
  2461 | D:4      | Gained mutation: You are partially covered in sharp spines.
                  | [demonic ancestry]
  2461 | D:4      | Reached XP level 6. HP: 47/47 MP: 6/6
  2471 | D:4      | Found a staircase to the Ecumenical Temple.
  2534 | D:3      | Found a sparkling altar of Nemelex Xobeh.
  2535 | D:3      | Found an opulent altar of Gozag.
  2655 | D:4      | Identified a scroll of acquirement
  2655 | D:4      | Acquired a manual of Long Blades
  2813 | D:4      | Reached skill level 1 in Long Blades
  2965 | D:4      | Reached skill level 2 in Long Blades
  2965 | D:4      | Reached skill level 1 in Shields
  3648 | D:5      | Entered Level 5 of the Dungeon
  3661 | D:5      | Reached skill level 3 in Long Blades
  3666 | D:5      | Identified the +0 hat "Ticoiweh" {Int+2}
  3725 | D:5      | Noticed a water moccasin
  3732 | D:5      | Killed a water moccasin
  3733 | D:5      | Reached skill level 4 in Long Blades
  3733 | D:5      | Reached XP level 7. HP: 52/52 MP: 7/7
  3906 | D:5      | Reached skill level 5 in Long Blades
  4031 | D:5      | Noticed a troll
  4049 | D:5      | Reached skill level 6 in Long Blades
  4165 | D:5      | Reached *** piety under Trog
  4446 | D:5      | Found a burning altar of Makhleb.
  4496 | D:6      | Noticed a kobold demonologist
  4498 | D:6      | Noticed a sun demon
  4502 | D:6      | Noticed a rust devil
  4517 | D:6      | Reached skill level 7 in Long Blades
  4517 | D:6      | Reached XP level 8. HP: 52/58 MP: 8/8
  4531 | D:6      | Reached skill level 8 in Long Blades
  4533 | D:6      | HP: 2/58 [kobold demonologist/+0 dagger of venom (2)]
  4534 | D:6      | Succumbed to a kobold demonologist's poison

Illustrated notes

Levels and vault maps discovered:
D:1:      lemuel_arrival_lava_pool, layout_basic, basic_ecumenical_altar
D:2:      layout_loops_ring, chequers_serial_rivers_small_3
D:3:      layout_rooms, grunt_temple_overflow_opulence
D:4:      layout_basic, minmay_temple_entry_purple_smoke, uniq_grinder
D:5:      layout_basic, lemuel_coloured_pillars_altar, lightli_corner_chamber
D:6:      layout_rooms, gammafunk_temple_overflow_arena,
          nicolae_ru_path_of_blood, minmay_chambers_of_fives

Skill      XL: |  1  2  3  4  5  6  7  8 |
---------------+-------------------------+-----
Short Blades   | 3 4 6 |  6.4
Long Blades    | 4 7 8 |  8.0
Shields        | 2 3 |  3.7
Fighting       | |  3.0
Armour         | |  1.7
Dodging        | |  1.7

Action                   |  1- 3 |  4- 6 |  7- 9 || total
-------------------------+-------+-------+-------++-------
Melee: Short sword       |   117 |    90 |    52 ||   259
       Long sword        |       |       |    51 ||    51
Invok: Berserk           |     2 |     4 |     1 ||     7
  Use: Scroll            |       |     7 |     1 ||     8
       Potion            |       |       |     2 ||     2
Armor: Plate armour      |    78 |   108 |    67 ||   253
       Animal skin       |     2 |       |       ||     2
Dodge: Dodged            |    34 |    37 |    16 ||    87
Block: Buckler           |       |     3 |    20 ||    23
       Rpst.: Long sword |       |       |     2 ||     2

Table legend: (Time is in decaauts)
 A = Elapsed time spent in this place.
 B = Non-inter-level travel time spent in this place.
 C = Inter-level travel time spent in this place.
 D = Time resting spent in this place.
 E = Time spent auto-exploring this place.
 F = Levels seen in this place.
 G = Mean time per level.
                   A        B        C        D        E       F      G
               +--------+--------+--------+--------+--------+-----+--------+
         Total |   4816 |   4660 |    156 |    741 |   3297 |   6 |  802.7 |
       Dungeon |   4816 |   4660 |    156 |    741 |   3297 |   6 |  802.7 |
               +--------+--------+--------+--------+--------+-----+--------+

Top non-repeatable levels by time:
     D:1: 1318 daAuts
     D:4: 1128 daAuts
     D:2: 887 daAuts
     D:5: 857 daAuts
     D:3: 557 daAuts
     D:6: 68 daAuts
